 Dungeon Crawl Stone Soup version 0.17.1-1-g73c8601 (webtiles) character file.

145480 KenranThePanda the Shatterer (level 16, -1/160 HPs)
             Began as a Minotaur Berserker on Dec 27, 2015.
             Was the Champion of Trog.
             Slain by a soul eater (13 damage)
             ... on level 4 of the Abyss.
             The game lasted 01:41:41 (35820 turns).

KenranThePanda the Shatterer (Minotaur Berserker)  Turns: 35820, Time: 01:41:41

Health: -1/160     AC: 38    Str: 22    XL:     16   Next: 87%
Magic:  15/15      EV:  9    Int:  4    God:    Trog [******]
Gold:   1444       SH:  0    Dex: 23    Spells: 0 memorised, 15 levels left

rFire  . . .     SeeInvis .     Z - +7 dire flail (protect)
rCold  . . .     Clarity  .     w - +0 crystal plate armour
rNeg   . . .     SustAt   .     (shield currently unavailable)
rPois  +         Gourm    .     (helmet unavailable)
rElec  +         Spirit   .     V - +0 cloak
rCorr  .         Warding  .     A - +1 pair of gloves
rMut   +         Stasis   .     s - +2 pair of boots
MR     .....                    e - amulet of resist mutation
Stlth  ..........               U - ring of poison resistance
                                L - ring "Pumieqaq" {rElec rPois MR- Dex+4}

@: about to teleport, not resistant to hostile enchantments, extremely
unstealthy
A: retaliatory headbutt, horns 3, repulsion field 1, thin skeletal structure 1
a: Berserk, Trog's Hand, Brothers in Arms, Burn Spellbooks, Renounce Religion


You were on level 4 of the Abyss.
You worshipped Trog.
Trog was exalted by your worship.
You were not hungry.

You visited 4 branches of the dungeon, and saw 28 of its levels.
You visited the Abyss 1 time.

You collected 3051 gold pieces.
You spent 1607 gold pieces at shops.

Inventory:

Hand Weapons
 b - the +2 great mace "Motiucagh" {crush, MR+, unknown}
   (Trog gifted it to you on level 2 of the Abyss)

   It inflicts extra damage upon your enemies.
   It affects your resistance to hostile enchantments.
 F - the +5 mace "Yghots" {drain, rElec MR+ Int+6 Dex-3}
   (You found it on level 6 of the Dungeon)

   A truly terrible weapon, it drains the life of those it strikes.
   It affects your intelligence (+6).
   It affects your dexterity (-3).
   It insulates you from electricity.
   It affects your resistance to hostile enchantments.
 Y - the +11 morningstar "Eos" {elec, -Tele rElec SInv}
   (You found it on level 2 of the Lair of Beasts)

   Occasionally, upon striking a foe, it will discharge some electrical energy
   and cause terrible harm.
   It insulates you from electricity.
   It lets you see invisible.
   It prevents most forms of teleportation.
 Z - a +7 dire flail of protection (weapon)
Armour
 n - a troll hide
 q - the +2 robe of Valour {rPois Str-4 Int+6, unknown}
   (You found it on level 4 of the Abyss)

   It affects your strength (-4).
   It affects your intelligence (+6).
   It protects you from poison.
 s - a +2 pair of boots (worn)
 w - a +0 crystal plate armour (worn)
 A - a +1 pair of gloves (worn)
 V - a +0 cloak (worn)
 W - the +18 shield of the gong {rElec rN+ MR+ EV-5}
   (You acquired it on level 10 of the Dungeon)

   It affects your evasion (-5).
   It insulates you from electricity.
   It protects you from negative energy.
   It affects your resistance to hostile enchantments.
Jewellery
 a - an uncursed amulet of faith {unknown}
 e - an amulet of resist mutation (around neck)
 K - an uncursed amulet of the gourmand {unknown}
 L - the ring "Pumieqaq" (left hand) {rElec rPois MR- Dex+4}
   (You found it on level 13 of the Dungeon)

   [ring of poison resistance]

   It affects your dexterity (+4).
   It insulates you from electricity.
   It protects you from poison.
   It affects your resistance to hostile enchantments.
 T - the ring of Attitude {+/*Tele rElec Str-2 Stlth+, unknown}
   (You found it on level 2 of the Abyss)

   [ring of teleportation]

   It may teleport you next to monsters, and can be evoked to randomly teleport.
   It affects your strength (-2).
   It insulates you from electricity.
   It makes you more stealthy.
 U - a ring of poison resistance (right hand)
Wands
 i - a wand of paralysis (6)
 t - a wand of enslavement (21)
 x - a wand of paralysis (15)
 J - a wand of disintegration (11)
 P - a wand of fireball (7)
 S - a wand of slowing (19)
Scrolls
 h - 15 scrolls of identify
 j - 9 scrolls of enchant weapon
 m - 2 scrolls of holy word {unknown}
 p - 5 scrolls of recharging
 r - 10 scrolls of teleportation
 v - a scroll of enchant armour
 y - 3 scrolls of fear
 B - 7 scrolls of magic mapping
 C - 3 scrolls of blinking
 H - 2 scrolls of brand weapon
 I - 8 scrolls of remove curse
 O - 2 scrolls of fog
Potions
 d - 3 potions of brilliance
 f - a potion of ambrosia {unknown}
 l - a potion of haste
 o - a potion of might {unknown}
 u - 2 potions of invisibility {unknown}
 z - 2 potions of agility {unknown}
 D - 2 potions of flight {unknown}
 E - 3 potions of cure mutation {unknown}
 G - 3 potions of poison {unknown}
 M - a potion of berserk rage {unknown}
 N - a potion of magic {unknown}
 Q - 2 potions of resistance {unknown}
 R - a potion of beneficial mutation {unknown}
Comestibles
 c - 11 bread rations
 g - a slice of pizza


   Skills:
 + Level 19.2 Fighting
 - Level 22.0 Maces & Flails
 - Level 17.0 Armour
 - Level 2.1 Dodging
 - Level 8.0 Shields


You had 15 spell levels left.
You didn't know any spells.

Dungeon Overview and Level Annotations

Branches:
Dungeon (15/15)            Temple (0/1) D:7            Lair (8/8) D:8
 Shoals (0/4) Lair:6       Spider (0/4) Lair:3        Slime (0/6) Lair:7
    Orc (4/4) D:11            Elf (0/3) Orc:4        Vaults (0/5) D:13
 Depths (1/5) D:15

Altars:
Ashenzari
Cheibriados
Dithmenos
Elyvilon
Gozag
Makhleb
Okawaru
Qazlal
Xom
Zin
The Shining One
Beogh
Jiyva

Shops:
D:7 }   D:10 *   Orc:4 *(?:%

Portals:
Pandemonium: Orc:4

Annotations:
Lair:6 exclusion: oklob plant
Lair:7 exclusion: oklob plant


Innate Abilities, Weirdness & Mutations

You reflexively headbutt those who attack you in melee.
You have a pair of large horns on your head.
You are surrounded by a mild repulsion field (EV +2).
You have a somewhat thin skeletal structure (Dex +2, Stealth).


Message History

You bludgeon the deep elf priest!!
The deep elf priest is almost dead.
The worldbinder hits you but does no damage.
The worldbinder closely misses you. The soul eater hits you!
* * * LOW HITPOINT WARNING * * *
The deep elf priest mumbles some strange prayers to its god against you.
Pain shoots through your body!
* * * LOW HITPOINT WARNING * * *
You completely miss the deep elf priest.
You headbutt the deep elf priest.
The deep elf priest is almost dead.
You feel less confused.
The worldbinder hits you but does no damage.
The worldbinder completely misses you.
The deep elf priest calls down the wrath of its god upon you.
Pain shoots through your body!
* * * LOW HITPOINT WARNING * * *
The chaos spawn hits you but does no damage.
The soul eater hits you!
You die...

§#. #..§§.# .
..#......... § ...
.....#....# .R. .
............ §.# #
..........§ .§## .
#.......#...##§#.# . .
.........e.#.R.... .
......ex.3...... ..
......3@....... #.. #.
......e...#...# . . .)
...............# .
.._..........## .
#..##....§.........##.
# . ##.
.#.........###.
........§.......#.
...........#.....###..
.# .. ...#. .. . ....


You could see a soul eater, a worldbinder, an efreet, a chaos spawn and 3 deep
elf priests.

Vanquished Creatures
  Gastronok (D:12)
  2 tentacled starspawn (Abyss:4)
  Agnes (D:15)
  Louise (D:14)
  An ophan (Abyss:4)
  3 very ugly things
  The ghost of Flanowski the Blocker, a journeyman MiFi of Trog (Lair:2)
  Josephine (Lair:6)
  Erolcha (D:8)
  Harold (D:11)
  11 hydras
  A catoblepas (Lair:6)
  An ice dragon (Depths:1)
  7 centaur warriors
  8 death yaks
  3 ogre magi
  A deep troll earth mage (Depths:1)
  15 spriggans (Lair:8)
  A vampire mage (D:15)
  Urug (D:14)
  A fire crab (Lair:8)
  Sonja (Orc:3)
  4 orc high priests (Orc:4)
  An ice devil (Orc:4)
  A wretched star (Abyss:4)
  A skeletal warrior (D:13)
  4 unseen horrors
  The ghost of steelSky the Cleaver, a novice MiBe of Trog (D:7)
  A large abomination (Abyss:4)
  A spatial maelstrom (Abyss:4)
  A deep elf knight (D:13)
  A gelid demonspawn (Orc:4)
  7 orc knights
  A giant orange brain (D:15)
  An infernal demonspawn (Orc:4)
  An orb spider (Lair:3)
  Pikel (D:5)
  4 deep trolls
  A necromancer (D:15)
  7 hill giants
  2 wolf spider zombies (D:15)
  8 orc sorcerers (Orc:4)
  4 deep elf conjurers (D:15)
  A worldbinder (Abyss:4)
  A frost giant zombie (Abyss:4)
  3 manticores
  6 griffons
  6 ugly things
  2 cyclopes
  A rust devil (Orc:4)
  11 elephants
  6 black mambas
  A sixfirhy (Orc:4)
  A gargoyle (D:11)
  A siren (Lair:6)
  5 centaur skeletons
  5 kobold demonologists
  9 komodo dragons
  10 spiny frogs
  An ancient zyme (Abyss:4)
  An orange demon (Abyss:4)
  2 fire drakes
  A spriggan druid (Lair:8)
  A redback zombie (D:15)
  4 merfolk
  6 trolls
  2 boulder beetles
  5 polar bears (Lair:8)
  A blink frog (shapeshifter) (D:14)
  9 two-headed ogres
  42 blink frogs
  2 shadows
  9 starcursed masses
  5 redbacks (Lair:8)
  5 wraiths
  A wyvern (D:13)
  2 centaur simulacra (D:15)
  4 deep elf magi (D:13)
  4 golden eyes (Abyss:4)
  2 vampire mosquitoes (D:15)
  57 yaks
  2 deep elf fighters
  A neqoxec (Orc:4)
  12 hippogriffs
  4 basilisks
  A fire elemental (D:15)
  2 hungry ghosts
  28 wolves
  A soldier ant (D:9)
  A spatial vortex (Abyss:4)
  A warg (Orc:2)
  16 water moccasins
  Duvessa (D:7)
  2 ice beasts
  40 orc warriors
  3 phantoms
  19 porcupines
  An eye of draining (D:13)
  27 ogres
  5 sky beasts
  4 wasps
  A necrophage (D:12)
  4 black bears
  3 boggarts (D:15)
  18 crocodiles
  23 centaurs
  Blork the orc (D:6)
  6 big kobolds
  A brain worm (Abyss:2)
  18 giant frogs
  2 gnoll sergeants
  A wyvern skeleton (D:12)
  Dowan (D:7)
  A wyvern zombie (D:14)
  6 scorpions
  9 killer bees
  7 wights
  6 crimson imps
  3 centaur zombies
  3 jellies
  25 orc priests
  A giant frog zombie (D:13)
  10 hounds
  2 giant frog skeletons
  30 orc wizards
  10 iguanas
  7 worker ants
  15 sheep
  A small abomination (Abyss:4)
  A hound skeleton (D:9)
  11 gnolls
  2 worker ant zombies
  20 adders
  75 river rats
  2 shadow imps
  4 worms
  An adder skeleton (D:7)
  A giant gecko (D:6)
  199 orcs
  2 ball pythons
  9 bats
  5 giant cockroaches
  6 goblins
  6 hobgoblins
  7 jackals
  A giant gecko skeleton (D:8)
  9 giant newts
  3 goblin skeletons (D:6)
  A goblin zombie (D:6)
  A hobgoblin zombie (D:6)
  A jackal skeleton (D:4)
  43 kobolds
  2 kobold zombies (D:6)
  An orc skeleton (D:6)
  2 orc zombies (D:6)
  2 quokkas
  A quokka skeleton (D:5)
  10 rats
  A bush (Lair:1)
  A fungus (Lair:5)
  A plant (Lair:6)
1169 creatures vanquished.

Vanquished Creatures (collateral kills)
  2 elephants (Lair:7)
2 creatures vanquished.

Vanquished Creatures (others)
  A slave (D:5)
  A worker ant (D:12)
  2 adders (D:5)
  3 bushes
  48 fungi
  49 plants
  4 starspawn tentacles (Abyss:4)
  15 starspawn tentacle segments (Abyss:4)
123 creatures vanquished.

Grand Total: 1294 creatures vanquished

Notes
Turn   | Place    | Note
--------------------------------------------------------------
     0 | D:1      | KenranThePanda the Minotaur Berserker began the quest for the Orb.
     0 | D:1      | Reached XP level 1. HP: 19/19 MP: 0/0
   135 | D:1      | Reached skill level 4 in Maces & Flails
   373 | D:1      | Reached XP level 2. HP: 26/26 MP: 1/1
   744 | D:2      | Reached ** piety under Trog
   764 | D:2      | Reached skill level 5 in Maces & Flails
  1037 | D:2      | Reached XP level 3. HP: 31/31 MP: 2/2
  1502 | D:2      | Reached XP level 4. HP: 39/39 MP: 3/3
  1673 | D:2      | Reached skill level 6 in Maces & Flails
  1767 | D:3      | Found a shattered altar of Ashenzari.
  2338 | D:3      | Reached skill level 7 in Maces & Flails
  2338 | D:3      | Reached XP level 5. HP: 32/45 MP: 4/4
  2547 | D:3      | Gained mutation: You have a pair of large horns on your head. [potion of mutation]
  2547 | D:3      | Gained mutation: You passively map a small area around you. [potion of mutation]
  2548 | D:3      | Lost mutation: You passively map a small area around you. [potion of mutation]
  2548 | D:3      | Gained mutation: You have a somewhat thin skeletal structure (Dex +2, Stealth). [potion of mutation]
  2548 | D:3      | Gained mutation: You are surrounded by a mild repulsion field (EV +2). [potion of mutation]
  2642 | D:4      | Reached *** piety under Trog
  2653 | D:4      | Reached skill level 8 in Maces & Flails
  3022 | D:4      | Found a snail-covered altar of Cheibriados.
  3040 | D:4      | Reached XP level 6. HP: 43/51 MP: 5/5
  3287 | D:4      | Reached skill level 9 in Maces & Flails
  3452 | D:5      | Entered Level 5 of the Dungeon
  3468 | D:5      | Noticed Pikel
  3479 | D:5      | Killed Pikel
  3479 | D:5      | Reached skill level 11 in Maces & Flails
  3479 | D:5      | Reached XP level 7. HP: 57/57 MP: 6/6
  3768 | D:5      | Found a glowing silver altar of Zin.
  4209 | D:6      | Reached XP level 8. HP: 64/64 MP: 7/7
  4236 | D:6      | Found a glowing golden altar of the Shining One.
  4442 | D:6      | Reached **** piety under Trog
  4742 | D:6      | Got a twisted mace
  4743 | D:6      | Noticed Blork the orc
  4749 | D:6      | Reached skill level 12 in Maces & Flails
  4751 | D:6      | Killed Blork the orc
  4852 | D:6      | Identified the +5 mace "Yghots" {drain, rElec MR+ Int+6 Dex-3} (You found it on level 6 of the Dungeon)
  4967 | D:6      | Found an opulent altar of Gozag.
  4973 | D:6      | Found a white marble altar of Elyvilon.
  4977 | D:6      | Found a burning altar of Makhleb.
  4979 | D:6      | Found an iron altar of Okawaru.
  5248 | D:6      | Reached skill level 13 in Maces & Flails
  5439 | D:7      | Noticed Duvessa
  5440 | D:7      | Noticed Dowan
  5629 | D:7      | Killed Duvessa
  5629 | D:7      | Reached skill level 5 in Fighting
  5629 | D:7      | Reached XP level 9. HP: 71/74 MP: 8/8
  5639 | D:7      | Killed Dowan
  5943 | D:7      | Found a staircase to the Ecumenical Temple.
  6027 | D:7      | Noticed steelSky's ghost (novice MiBe)
  6043 | D:7      | Killed steelSky's ghost
  6176 | D:7      | Found Piocusuj's Gadget Emporium.
  6184 | D:7      | Reached skill level 10 in Fighting
  6734 | D:8      | Reached XP level 10. HP: 84/95 MP: 9/9
  6739 | D:8      | Found a staircase to the Lair.
  6866 | D:8      | Reached ***** piety under Trog
  6903 | D:8      | Found a stormy altar of Qazlal.
  7103 | D:8      | Noticed Erolcha
  7277 | D:9      | HP: 4/97 [poisoned by a soldier ant]
  7283 | D:9      | HP: 4/97 [poisoned by a soldier ant]
  7291 | D:9      | HP: 4/97 [poisoned by a soldier ant]
  9300 | D:8      | Reached skill level 14 in Fighting
  9384 | D:8      | Killed Erolcha
  9730 | Lair:1   | Entered Level 1 of the Lair of Beasts
  9734 | Lair:1   | Reached XP level 11. HP: 111/111 MP: 10/10
  9998 | Lair:1   | Reached skill level 15 in Fighting
 10008 | Lair:1   | Received a gift from Trog
 10958 | Lair:1   | Reached skill level 16 in Fighting
 11919 | Lair:1   | Noticed a four-headed hydra
 11933 | Lair:1   | Killed a four-headed hydra
 11933 | Lair:1   | Reached skill level 17 in Fighting
 12548 | Lair:2   | Noticed a five-headed hydra
 12556 | Lair:2   | Killed a five-headed hydra
 12669 | Lair:2   | Received a gift from Trog
 12725 | Lair:2   | Noticed Flanowski's ghost (journeyman MiFi)
 12738 | Lair:2   | Killed Flanowski's ghost
 12738 | Lair:2   | Reached XP level 12. HP: 103/125 MP: 11/11
 13703 | Lair:3   | Reached skill level 5 in Armour
 13808 | Lair:3   | Reached ****** piety under Trog
 13981 | Lair:3   | Found a hole to the Spider Nest.
 13995 | Lair:3   | Reached skill level 15 in Maces & Flails
 14528 | Lair:4   | Noticed a six-headed hydra
 14541 | Lair:4   | Killed a six-headed hydra
 15288 | Lair:4   | Received a gift from Trog
 15915 | Lair:4   | Reached XP level 13. HP: 132/132 MP: 12/12
 16896 | Lair:5   | Received a gift from Trog
 17666 | Lair:6   | Found a staircase to the Shoals.
 17682 | Lair:6   | Reached skill level 18 in Maces & Flails
 17989 | Lair:6   | Noticed Josephine
 18009 | Lair:6   | Killed Josephine
 18468 | Lair:6   | Found a shadowy altar of Dithmenos.
 18652 | Lair:6   | Reached skill level 19 in Maces & Flails
 19531 | Lair:7   | Received a gift from Trog
 19895 | Lair:7   | Reached skill level 20 in Maces & Flails
 19923 | Lair:7   | Reached XP level 14. HP: 133/140 MP: 13/13
 20484 | Lair:7   | Found a viscous altar of Jiyva.
 20484 | Lair:7   | Found a staircase to the Slime Pits.
 20718 | Lair:8   | Entered Level 8 of the Lair of Beasts
 20778 | Lair:8   | Reached skill level 10 in Armour
 21687 | Lair:8   | Received a gift from Trog
 22896 | Lair:8   | Received a gift from Trog
 23277 | D:10     | Entered Level 10 of the Dungeon
 23327 | D:10     | Found Ocomiq's General Store.
 23335 | D:10     | Bought a scroll of acquirement for 884 gold pieces
 24129 | D:11     | Found a staircase to the Orcish Mines.
 24445 | D:11     | Noticed Harold
 24461 | D:11     | Killed Harold
 25132 | D:11     | Reached XP level 15. HP: 144/149 MP: 14/14
 25228 | Orc:1    | Entered Level 1 of the Orcish Mines
 25778 | Orc:3    | Noticed Sonja
 25785 | Orc:3    | Received a gift from Trog
 25788 | Orc:3    | Reached skill level 1 in Shields
 25808 | Orc:3    | Killed Sonja
 26883 | Orc:4    | Entered Level 4 of the Orcish Mines
 26907 | Orc:4    | Received a gift from Trog
 27172 | Orc:4    | Found a staircase to the Elven Halls.
 27289 | Orc:4    | Found Wpraryn's Whimsical Warehouse.
 27544 | Orc:4    | Found Faelle's Magic Scroll Shoppe.
 27557 | Orc:4    | Reached skill level 5 in Shields
 27579 | Orc:4    | Received a gift from Trog
 27831 | Orc:4    | Found Eqoats's Food Emporium.
 27849 | Orc:4    | Bought a scroll of identify for 26 gold pieces
 27849 | Orc:4    | Bought a scroll of enchant weapon for 97 gold pieces
 27849 | Orc:4    | Bought a scroll of brand weapon for 260 gold pieces
 27849 | Orc:4    | Bought a scroll of identify for 26 gold pieces
 27849 | Orc:4    | Bought a scroll of identify for 26 gold pieces
 27849 | Orc:4    | Bought a scroll of identify for 26 gold pieces
 27849 | Orc:4    | Bought a scroll of identify for 26 gold pieces
 27849 | Orc:4    | Bought a scroll of identify for 26 gold pieces
 27851 | Orc:4    | Bought a bread ration for 70 gold pieces
 27851 | Orc:4    | Bought a bread ration for 70 gold pieces
 27851 | Orc:4    | Bought a bread ration for 70 gold pieces
 28315 | Orc:4    | Paralysed by an orc sorcerer for 4 turns
 28416 | Orc:4    | Paralysed by an orc sorcerer for 4 turns
 28618 | Orc:4    | Found Leck's Book Boutique.
 28618 | Orc:4    | Found Xusakuce's Antique Weapon Shop.
 28618 | Orc:4    | Found a one-way gate leading to the halls of Pandemonium.
 29169 | D:12     | Received a gift from Trog
 29283 | D:12     | Reached skill level 15 in Armour
 29619 | D:12     | Noticed Gastronok
 29642 | D:12     | Killed Gastronok
 30090 | D:13     | Found a roughly hewn altar of Beogh.
 30129 | D:13     | Received a gift from Trog
 31248 | D:13     | Found a gate to the Vaults.
 31488 | D:13     | Got a warped steel ring
 31683 | D:14     | Reached XP level 16. HP: 157/157 MP: 15/15
 31688 | D:14     | Noticed Urug
 31691 | D:14     | Noticed Louise
 31702 | D:14     | Killed Urug
 31707 | D:14     | Killed Louise
 31926 | D:14     | Identified the ring "Pumieqaq" {rElec rPois MR- Dex+4} (You found it on level 13 of the Dungeon)
 32027 | D:14     | Received a gift from Trog
 32553 | D:15     | Entered Level 15 of the Dungeon
 32736 | D:15     | Noticed Agnes
 32746 | D:15     | Killed Agnes
 33453 | D:15     | Reached skill level 21 in Maces & Flails
 33834 | D:15     | Found a shimmering altar of Xom.
 33834 | D:15     | Found a shimmering altar of Xom.
 33836 | D:15     | Found a shimmering altar of Xom.
 33836 | D:15     | Found a shimmering altar of Xom.
 33866 | D:15     | Paralysed by an ogre mage for 5 turns
 34313 | D:15     | Found a staircase to the Depths.
 34337 | Depths:1 | Entered Level 1 of the Depths
 35057 | Depths:1 | Reached skill level 22 in Maces & Flails
 35063 | Depths:1 | Cast into the Abyss (an ogre mage)
 35063 | Abyss:1  | Found a corrupted altar of Lugonu.
 35124 | Abyss:2  | Received a gift from Trog
 35129 | Abyss:2  | Got a shimmering great mace {god gift}
 35129 | Abyss:2  | Got a scintillating silver ring
 35147 | Abyss:3  | Paralysed by accursed screaming for 1 turns
 35158 | Abyss:3  | Paralysed by accursed screaming for 1 turns
 35336 | Abyss:4  | Paralysed by accursed screaming for 1 turns
 35339 | Abyss:4  | Paralysed by accursed screaming for 1 turns
 35342 | Abyss:4  | Paralysed by accursed screaming for 1 turns
 35354 | Abyss:4  | Noticed a tentacled starspawn
 35402 | Abyss:4  | Killed a tentacled starspawn
 35568 | Abyss:4  | Got a wizard robe
 35732 | Abyss:4  | Found a corrupted altar of Lugonu.
 35801 | Abyss:4  | Noticed a tentacled starspawn
 35809 | Abyss:4  | Killed a tentacled starspawn
 35820 | Abyss:4  | Slain by a soul eater

Action                   |  1- 3 |  4- 6 |  7- 9 | 10-12 | 13-15 | 16-18 || total
-------------------------+-------+-------+-------+-------+-------+-------++-------
Melee: Mace              |    48 |       |   125 |   246 |       |       ||   419
       Great mace        |    23 |   103 |    53 |       |       |       ||   179
       Dire flail        |       |       |       |   215 |       |    94 ||   309
       Morningstar       |       |       |       |   143 |  1324 |   235 ||  1702
Invok: Berserk           |       |     1 |     2 |     5 |     8 |     5 ||    21
       Burn Spellbooks   |       |       |       |     2 |     2 |     1 ||     5
       Trog's Hand       |       |       |       |       |       |     1 ||     1
  Use: Potion            |       |     2 |       |     1 |     2 |    10 ||    15
       Scroll            |       |     3 |     1 |    15 |    14 |     2 ||    35
  Eat: Chunk             |     2 |     4 |     7 |    13 |    21 |     5 ||    52
       Fruit             |       |     3 |     4 |     7 |    18 |       ||    32
       Pizza             |       |       |     1 |       |     2 |       ||     3
       Beef jerky        |       |       |     1 |       |       |     2 ||     3
       Meat ration       |       |       |       |     3 |     4 |     3 ||    10
